 Dungeon Crawl Stone Soup version 0.21-a0-215-g0631661 (webtiles) character file.

1224 Ladykiller69 the Chopper (level 8, -1/62 HPs)
             Began as a Formicid Skald on Aug 22, 2017.
             Slain by an orc wizard
             ... wielding a +1 dagger of holy wrath
              (4 damage)
             ... on level 6 of the Dungeon.
             The game lasted 00:25:05 (6643 turns).

Ladykiller69 the Chopper (Formicid Skald)           Turns: 6643, Time: 00:25:05

Health: -1/62      AC:  3    Str: 21    XL:     8   Next: 76%
Magic:  8/14       EV: 12    Int: 12    God:
Gold:   293        SH:  0    Dex: 10    Spells: 6/15 levels left

rFire    . . .     SeeInvis +   y - +1 hand axe (venom)
rCold    . . .     Gourm    .   (no shield)
rNeg     . . .     Faith    .   b - +0 leather armour
rPois    .         Spirit   .   (helmet unavailable)
rElec    .         Reflect  .   (no cloak)
rCorr    .         Harm     .   (no gloves)
MR       .....                  (no boots)
Stlth    +.........             (no amulet)
HPRegen  0.20/turn              (no ring)
MPRegen  0.14/turn              (no ring)

@: starving
A: permanent stasis, dig shafts and tunnels, four strong arms, antennae 3,
mutation resistance 1, strong 1, wild magic 1
a: Dig, Shaft Self


You were on level 6 of the Dungeon.
You were starving.

You visited 1 branch of the dungeon, and saw 6 of its levels.
You also visited: Sewer and Ossuary.

You collected 293 gold pieces.

Inventory:

Hand Weapons
 a - a +0 hand axe
 y - a +1 hand axe of venom (weapon)
 F - a +1 long sword of slicing
Missiles
 s - 39 bolts
Armour
 b - a +0 leather armour (worn)
 k - a +0 chain mail
Wands
 q - a wand of paralysis (15/24)
 z - a wand of polymorph (15/24)
Scrolls
 g - 3 scrolls of enchant weapon {unknown}
 h - 4 scrolls of teleportation {unknown}
 l - 6 scrolls of identify
 m - 3 scrolls of random uselessness {unknown}
 n - 2 scrolls of amnesia {unknown}
 p - 2 scrolls of fog {unknown}
 t - a scroll of noise {unknown}
 v - 4 scrolls of remove curse {unknown}
 w - a scroll of magic mapping
 B - a scroll of recharging {unknown}
 E - a scroll of immolation {unknown}
Potions
 e - 3 potions of might
 f - a potion of agility {unknown}
 i - 5 potions of curing
 j - 4 potions of heal wounds
 r - 2 potions of brilliance {unknown}
 u - 3 potions of flight
 x - a potion of berserk rage {unknown}
 C - a potion of lignification
 D - a potion of ambrosia {unknown}
Books
 c - a book of Battle

   Spells                             Type                      Level
   a - Infusion                       Charms                       1
   b - Shroud of Golubria             Charms/Translocation         2
   c - Song of Slaying                Charms                       2
   d - Spectral Weapon                Hexes/Charms                 3
   e - Regeneration                   Charms/Necromancy            3
Comestibles
 d - 3 bread rations
 o - a royal jelly
 A - a meat ration


   Skills:
 + Level 5.1 Fighting
 + Level 5.7 Axes
 - Level 1.2 Armour
 - Level 2.0 Dodging
 - Level 4.0 Spellcasting
 + Level 4.4 Hexes
 - Level 5.0 Charms
 - Level 2.0 Necromancy


You had 6 spell levels left.
You knew the following spells:

 Your Spells              Type           Power        Failure   Level  Hunger
a - Infusion              Chrm           ###.         5%          1    #......
b - Shroud of Golubria    Chrm/Tloc      ##........   21%         2    ##.....
c - Spectral Weapon       Hex/Chrm       ###.....     16%         3    ###....
d - Regeneration          Chrm/Necr      ##........   26%         3    ###....


Dungeon Overview and Level Annotations

Branches:
Dungeon (6/15)
 Temple: D:4-7

Altars:
Ashenzari
Elyvilon

Shops:
D:4 :**   D:6 =

Annotations:
D:6 Eustachio, Grinder


Innate Abilities, Weirdness & Mutations

You cannot be hasted, slowed, berserked, paralysed or teleported.
You can dig through walls and to a lower floor.
Your four strong arms can wield two-handed weapons with a shield.
You have a pair of large antennae on your head. (SInv)
You are somewhat resistant to further mutation.
Your muscles are strong. (Str +2)
Your spells are a little harder to cast, but a little more powerful.


Message History

You hit the orc.
Your spectral weapon closely misses the orc warrior.
The orc barely misses you.
The orc warrior hits you with a war axe!
* * * LOW HITPOINT WARNING * * *
The orc warrior hits your spectral weapon with a war axe!
Your spectral weapon shares its damage with you!
Your spectral weapon fades away.
* * * LOW HITPOINT WARNING * * *
The orc barely misses you.
The orc wizard hits you with a dagger of holy wrath.
* * * LOW HITPOINT WARNING * * *
Your shroud falls apart!
Found Tyecoiby's Jewellery Shop.
Are you sure you want to shaft yourself?
You are starving!
The orc wizard hits you with a dagger of holy wrath.
* * * LOW HITPOINT WARNING * * *
The orc wizard hits you with a dagger of holy wrath.
You die...

#........##.. .##
..
#####....#.#.....##
..#
#......#.#...#...
.# #####..### .. ..
.# #..# ...∩
#..###......
###..{Z......#
#..o.###.....#
#....o@o.###
#....##### #....#
#....# ######


You could see an orc warrior, an orc wizard and an orc.

Vanquished Creatures
  Menkaure (D:6)
  A phantom (D:4)
  A centaur (D:3)
  Blork the orc (D:4)
  A bullfrog (D:6)
  A scorpion (D:5)
  2 howler monkeys (D:5)
  2 centaur zombies (Ossuary)
  A crimson imp (D:5)
  A hound (D:4)
  A bullfrog skeleton (D:5)
  2 orc priests (D:5)
  A human zombie (Ossuary)
  4 orc wizards
  A centaur skeleton (D:5)
  A worker ant (D:4)
  A hound skeleton (D:4)
  4 mummies (Ossuary)
  8 adders
  A shadow imp (D:6)
  An adder skeleton (D:4)
  3 worms
  3 dart slugs
  3 leopard geckos
  10 orcs
  5 ball pythons
  8 bats
  6 giant cockroaches
  7 goblins
  3 hobgoblins
  14 jackals
  3 quokkas (D:4)
  5 frilled lizards
  2 gnoll zombies (Ossuary)
  A goblin zombie (Ossuary)
  2 hobgoblin zombies (Ossuary)
  A jackal skeleton (D:5)
  17 kobolds
  A leopard gecko skeleton (D:4)
  14 rats
145 creatures vanquished.

Vanquished Creatures (others)
  2 spectral weapons (D:6)
2 creatures vanquished.

Grand Total: 147 creatures vanquished

Notes
Turn   | Place    | Note
-------+----------+-------------------------------------------
     0 | D:1      | Ladykiller69 the Formicid Skald began the quest for the Orb.
     0 | D:1      | Reached XP level 1. HP: 16/16 MP: 3/3
   170 | D:1      | Reached XP level 2. HP: 22/22 MP: 1/5
   184 | D:1      | Learned a level 2 spell: Shroud of Golubria
   764 | D:1      | Reached XP level 3. HP: 27/27 MP: 6/6
  1314 | D:2      | Learned a level 3 spell: Spectral Weapon
  1334 | D:2      | Reached XP level 4. HP: 32/33 MP: 4/8
  1537 | D:2      | Reached skill level 1 in Hexes
  2577 | D:3      | Noticed a centaur
  2657 | D:3      | Found a white marble altar of Elyvilon.
  2700 | D:3      | Killed a centaur
  2700 | D:3      | Reached XP level 5. HP: 14/38 MP: 4/9
  2946 | D:3      | Found a shattered altar of Ashenzari.
  3082 | D:3      | Reached XP level 6. HP: 30/44 MP: 6/11
  3188 | D:3      | Gained mutation: Your muscles are strong. (Str +2) [potion of mutation]
  3188 | D:3      | Gained mutation: Your spells are a little harder to cast, but a little more powerful. [potion of mutation]
  3188 | D:3      | Gained mutation: You are somewhat resistant to further mutation. [potion of mutation]
  3805 | D:4      | Noticed a phantom
  3873 | D:4      | Found Nemm's Book Boutique.
  3922 | D:4      | Found Weytargh's General Store.
  3960 | D:4      | Found a glowing drain.
  3969 | Sewer    | Entered a sewer
  4192 | Sewer    | Learned a level 3 spell: Regeneration
  4609 | D:4      | Killed a phantom
  4609 | D:4      | Reached XP level 7. HP: 28/50 MP: 2/13
  4841 | D:4      | Found Fyowoa's Assorted Antiques.
  4927 | D:4      | Noticed Blork the orc
  4962 | D:4      | HP: 2/51 [Blork the orc/puff of frost (11)]
  4972 | D:4      | Killed Blork the orc
  5440 | D:4      | Reached skill level 5 in Charms
  5450 | D:5      | Entered Level 5 of the Dungeon
  5570 | D:5      | Reached skill level 1 in Necromancy
  5704 | D:5      | Reached XP level 8. HP: 53/59 MP: 4/14
  5887 | D:5      | Reached skill level 5 in Axes
  5959 | D:6      | Found a sand-covered staircase.
  5959 | D:6      | Noticed Menkaure
  5999 | D:6      | Killed Menkaure
  6036 | D:6      | Noticed Grinder
  6050 | D:6      | Noticed Eustachio
  6360 | Ossuary  | Entered an ossuary
  6480 | Ossuary  | Reached skill level 5 in Fighting
  6642 | D:6      | Found Tyecoiby's Jewellery Shop.
  6643 | D:6      | HP: 3/62 [orc wizard/dagger of holy wrath (5)]
  6643 | D:6      | Slain by an orc wizard

Vault maps used:
D:1:      onia_arrival_larder, corexii_item_surrounded_by_moat
D:2:      first_bread, minmay_misc_feat_room, kennysheep_generic_room_4
D:3:      wad_lake_hut, nicolae_overflow_crystal_walls, ashenzari_altar_1
D:4:      serial_shops, shop, nicolae_shop_crystal,
          nicolae_shop_competitors_out_of_business, portal_sewer_entry_d,
          uniq_blork_the_orc
D:6:      enter_ossuary_3, serial_shops, shop, minmay_small_thing, uniq_grinder,
          uniq_eustachio, uniq_menkaure
Sewer:    kennysheep_pipe_town
Ossuary:  ossuary_crypta

Skill      XL: |  1  2  3  4  5  6  7  8 |
---------------+-------------------------+-----
Dodging        | 2 |  2.0
Hexes          | 2 3 4 |  4.4
Axes           | 3 4 5 |  5.7
Spellcasting   | 3 4 |  4.0
Charms         | 4 5 |  5.0
Fighting       | 3 5 |  5.1
Necromancy     | 1 2 |  2.0
Armour         | |  1.2

Action                   |  1- 3 |  4- 6 |  7- 9 || total
-------------------------+-------+-------+-------++-------
Melee: Hand axe          |    89 |   250 |   199 ||   538
 Cast: Infusion          |    10 |    13 |     7 ||    30
       Shroud of Golubri |     1 |    12 |    10 ||    23
       Spectral Weapon   |       |       |    10 ||    10
       Regeneration      |       |       |     1 ||     1
 Abil: Dig               |       |     9 |     4 ||    13
       Shaft Self        |       |       |     1 ||     1
  Use: Potion            |       |     4 |     5 ||     9
       Scroll            |       |     4 |       ||     4
  Eat: Chunk             |     1 |    13 |     8 ||    22
Armor: Leather armour    |    19 |    66 |    21 ||   106
       Skin              |       |       |     4 ||     4
Dodge: Dodged            |    70 |   177 |    89 ||   336

Table legend:
 A = Spawn XP
 B = Non-spawn XP
 C = Spawn XP percentage of total XP
 D = Spawn monster count
 E = Non-spawn monster count
 F = Spawn count percentage of total count
 G = Total turns spent on level
                    A         B        C        D         E        F      G
               +---------+---------+-------+---------+---------+-------+---------
         Total |     291 |    1458 |  16.6 |      25 |     120 |  17.2 |  6643
               +---------+---------+-------+---------+---------+-------+---------
           D:1 |      14 |      43 |  24.6 |       7 |      26 |  21.2 |  1309
           D:2 |      23 |      22 |  51.1 |       6 |       5 |  54.5 |  1038
           D:3 |     137 |     124 |  52.5 |       6 |      14 |  30.0 |  1479
           D:4 |      51 |     346 |  12.8 |       3 |      17 |  15.0 |  1004
           D:5 |      55 |     400 |  12.1 |       2 |      16 |  11.1 |   559
           D:6 |      11 |     279 |   3.8 |       1 |       6 |  14.3 |   396
         Sewer |       0 |      35 |   0.0 |       0 |      24 |   0.0 |   620
       Ossuary |       0 |     209 |   0.0 |       0 |      12 |   0.0 |   238
               +---------+---------+-------+---------+---------+-------+---------
